 Dungeon Crawl Stone Soup version 0.28-a0-1622-gc30f734a66 (webtiles) character file.

Game seed: 3407374075737246419

9768 Essalna the Arsonist (level 11, -4/74 HPs)
             Began as a Demonspawn Fire Elementalist on Jan 23, 2022.
             Was a Priest of Hepliaklqana.
             Slain by Jorgrun (26 damage)
             ... on level 1 of the Orcish Mines.
             The game lasted 00:26:25 (14963 turns).

Essalna the Arsonist (DsFE)                        Turns: 14963, Time: 00:26:25

Health: -4/74      AC:  7    Str: 11    XL:     11   Next: 27%
Magic:  13/23      EV: 10    Int: 30    God:    Hepliaklqana [***...]
Gold:   847        SH:  4    Dex: 20    Spells: 18/26 levels left

rFire   + . .      SeeInvis .   r - +2 dagger (venom)
rCold   . . .      Faith    .   (no shield)
rNeg    . . .      Spirit   .   L - +1 scale mail "Apaufur" {rF+ Regen+ Str+2}
rPois   .          Reflect  .   (helmet restricted)
rElec   .          Harm     .   (no cloak)
rCorr   .          Rampage  .   (no gloves)
Will    .....                   (no boots)
Stlth   +.........              (no amulet)
HPRegen 1.02/turn               j - +6 ring of dexterity
MPRegen 0.18/turn               A - +6 ring of intelligence

@: no status effects
A: reduced essence, antennae 2, spiny 2, big brain 2, condensation shield
a: Renounce Religion, Recall Ancestor, Ancestor Identity, Transference


You were on level 1 of the Orcish Mines.
You worshipped Hepliaklqana.
Hepliaklqana was most pleased with you.
You visited 3 branches of the dungeon, and saw 13 of its levels.

You collected 1173 gold pieces.
You spent 326 gold pieces at shops.

Inventory:

Hand Weapons
 c - a +0 dagger
 r - a +2 dagger of venom (weapon)
Armour
 a - a +0 robe
 G - +0 steam dragon scales
 L - the +1 scale mail "Apaufur" (worn) {rF+ Regen+ Str+2}
   (You bought it in a shop on level 9 of the Dungeon)

   Str:       It affects your strength (+2).
   rF:        It protects you from fire.
   Regen:     It increases your rate of health regeneration.
Jewellery
 i - a ring of ice
 j - a +6 ring of dexterity (left hand)
 A - a +6 ring of intelligence (right hand)
 C - an amulet of guardian spirit
 E - a ring of resist corrosion
Wands
 g - a wand of charming (5)
 t - a wand of mindburst (10)
 u - a wand of acid (9)
 H - a wand of flame (15)
 I - a wand of digging (2)
 J - a wand of iceblast (10)
Scrolls
 h - 3 scrolls of fear
 k - 2 scrolls of immolation
 l - 2 scrolls of magic mapping {unknown}
 m - a scroll of torment {unknown}
 n - 14 scrolls of identify {unknown}
 o - a scroll of silence {unknown}
 q - 2 scrolls of teleportation
 s - a scroll of blinking {unknown}
 w - a scroll of brand weapon {unknown}
 y - a scroll of enchant armour {unknown}
 K - 2 scrolls of fog {unknown}
Potions
 b - 2 potions of resistance {unknown}
 d - 5 potions of curing {unknown}
 e - a potion of berserk rage {unknown}
 f - 3 potions of flight {unknown}
 p - 3 potions of heal wounds {unknown}
 v - a potion of invisibility {unknown}
 x - a potion of ambrosia {unknown}
 z - a potion of brilliance {unknown}
 B - a potion of mutation {unknown}
 D - a potion of degeneration {unknown}
 F - a potion of lignification {unknown}
 M - 2 potions of might {unknown}


   Skills:
 + Level 6.4 Fighting
 + Level 3.2 Armour
 + Level 3.8 Dodging
 - Level 1.7 Stealth
 + Level 8.1 Spellcasting
 - Level 4.0 Conjurations
 + Level 7.1 Necromancy
 + Level 8.2 Fire Magic
 + Level 5.7 Earth Magic


You had 18 spell levels left.
You knew the following spells:

 Your Spells              Type           Power      Damage    Failure   Level
a - Foxfire               Conj/Fire      100%       2x1d9     1%          1
b - Scorch                Fire           100%       2d10      1%          2
c - Borgnjor's Vile Clut  Necr/Erth      25%        N/A       43%         5

Your spell library contained the following spells:

 Spells                   Type           Power      Damage    Failure   Level
 Animate Skeleton         Necr           100%       N/A       1%          1
 Pain                     Necr           100%       1d9       1%          1
 Vampiric Draining        Necr           53%        2d9       3%          3
 Magic Dart               Conj           100%       1d8       4%          1
 Conjure Flame            Conj/Fire      48%        6-21      6%          3
 Searing Ray              Conj           72%        2d7       7%          2
 Inner Flame              Hex/Fire       36%        N/A       13%         3
 Animate Dead             Necr           26%        N/A       13%         4
 Flame Wave               Conj/Fire      48%        2d10      19%         4
 Ignite Poison            Fire/Tmut/Pois 28%        N/A       22%         3
 Sting                    Tmut/Pois      48%        1d5       24%         1
 Blink                    Tloc           24%        N/A       34%         2
 Poisonous Vapours        Pois/Air       24%        N/A       34%         2
 Mephitic Cloud           Conj/Pois/Air  20%        N/A       38%         3
 Fulminant Prism          Conj/Hex       12%        3d9       71%         4
 Death Channel            Necr           26%        N/A       89%         6
 Olgreb's Toxic Radiance  Pois           12%        N/A       93%         4
 Freezing Cloud           Conj/Ice/Air   10%        6-21      98%         5
 Manifold Assault         Tloc           12%        N/A       100%        5
 Storm Form               Tmut/Air       6%         N/A       100%        7


Dungeon Overview and Level Annotations

Branches:
Dungeon (10/15)            Temple (1/1) D:6            Lair (0/6) D:10
    Orc (2/2) D:10
    Elf: Orc:2

Altars:
Cheibriados
Dithmenos
Elyvilon
Fedhas
Gozag
Hepliaklqana
Kikubaaqudgha
Makhleb
Nemelex Xobeh
Okawaru
Qazlal
Ru
Sif Muna
Trog
Uskayaw
Vehumet
Wu Jian
Xom
Yredelemnul
Zin
Lugonu

Shops:
D:5 *   D:9 [(

Annotations:
D:7 1 runed translucent door, Dwachs's ghost, novice DgCj
Orc:1 Jorgrun
Orc:2 1 runed translucent door


Innate Abilities, Weirdness & Mutations

Your life essence is reduced to manifest your ancestor. (-10% HP)
You have a pair of antennae on your head.
You are mostly covered in sharp spines.
You have an extremely huge brain. (Int +4)
A meltable shield of frost defends you. (SH +4)


Message History

The foxfire hits Jorgrun.
Jorgrun is lightly wounded.
Servia closely misses Jorgrun.
Your limbs are stiffening.
You conjure some foxfire!
The foxfire hits Jorgrun.
Jorgrun is lightly wounded.
The foxfire hits Jorgrun.
Jorgrun is lightly wounded.
Jorgrun hits Servia with a staff of earth.
Servia barely misses Jorgrun.
You have turned to stone.
The foxfire hits Jorgrun.
Jorgrun is moderately wounded.
Jorgrun hits Servia with a staff of earth!
Servia hits Jorgrun with a +0 flail!
The foxfire hits Jorgrun.
Jorgrun is moderately wounded.
Servia misses Jorgrun.
Jorgrun points at you and mumbles some strange words.
You struggle to resist.
Servia hits Jorgrun with a +0 flail!
Servia hits Jorgrun with a +0 flail.
Jorgrun mutters some incantations to himself.
Jorgrun hits you with a staff of earth.
Servia hits Jorgrun but does no damage.
You turn to flesh and can move again.
Casting: Foxfire (safe; 1% risk of failure)
Confirm with . or Enter, or press ? or * to list all spells.
Flames lash Jorgrun.
Jorgrun is heavily wounded.
Jorgrun's fire resistance burns away.
Jorgrun hits you with a staff of earth! Jorgrun shatters you!
Servia closely misses Jorgrun.
Casting: Scorch (safe; 1% risk of failure)
Confirm with . or Enter, or press ? or * to list all spells.
Flames lash Jorgrun.
Jorgrun is burned terribly!
Jorgrun is heavily wounded.
Jorgrun hits you with a staff of earth! Jorgrun shatters you!
* * * LOW HITPOINT WARNING * * *
Servia hits Jorgrun with a +0 flail.
Casting: Scorch (safe; 1% risk of failure)
Confirm with . or Enter, or press ? or * to list all spells.
Flames lash Jorgrun.
Jorgrun is burned terribly!
Jorgrun is severely wounded.
Jorgrun hits you but does no damage. Jorgrun shatters you!!
You die...

###.##... ###
##.......## .#.#
......... ... ##
#.......##..#
##.####.#......#..##
#...##.....#.......#
##..#.#......).#...#.#
#......##...Rg@.......
##..............)...#.#
##.......#...)...#.###
###.#..............##
###....#....).......#
##........#...>.....#
)...g..#.#..........#
.[........#........##
....##.........#.###


You could see the friendly Servia the knight and Jorgrun (combustible, ally
target).

Vanquished Creatures
  A boulder beetle (D:9)
  Pikel (D:8)
  Maurice (D:9)
  An unseen horror (D:10)
  A komodo dragon (D:10)
  A yak (D:9)
  Grum (D:10)
  A wraith (Orc:2)
  An acid dragon (D:9)
  4 water moccasins
  An ice beast (D:7)
  A black bear (D:6)
  6 orc warriors
  2 necrophages
  5 ogres
  3 centaurs
  2 wolves (D:10)
  4 kobold brigands
  A gnoll sergeant (D:6)
  A scorpion (D:5)
  A water moccasin zombie (D:6)
  2 water moccasin skeletons
  9 killer bees (D:9)
  13 wights
  A howler monkey (D:4)
  3 centaur zombies
  A jelly (D:6)
  A bullfrog zombie (D:6)
  12 orc priests
  4 hounds
  2 bullfrog skeletons
  A gnoll shaman (D:5)
  6 iguanas
  Ijyb (D:5)
  11 orc wizards
  2 killer bee zombies
  2 hound skeletons
  A mummy (D:6)
  18 gnolls
  4 adders
  A shadow imp (D:7)
  2 ufetubi
  3 worms
  6 dart slugs
  42 orcs
  6 endoplasms
  4 giant cockroaches
  10 goblins
  5 hobgoblins
  2 jackals (D:4)
  30 kobolds
  6 quokkas
  7 ball pythons
  7 bats
  4 frilled lizards
  2 hobgoblin zombies (D:6)
  2 orc zombies (D:6)
  5 rats
278 creatures vanquished.

Vanquished Creatures (collateral kills)
  A cyclops (D:7)
  A shadow (D:10)
  2 yaks (D:9)
  A steam dragon (D:8)
  A warg (Orc:2)
  2 orc warriors (Orc:2)
  A wolf (D:10)
  2 kobold brigands
  2 wights (D:9)
  A centaur zombie (D:8)
  3 orc priests
  3 orcs
  4 kobolds (D:9)
  2 foxfires
26 creatures vanquished.

Vanquished Creatures (others)
  2 ancestors (D:9)
  1596 foxfires
1598 creatures vanquished.

Grand Total: 1902 creatures vanquished

Notes
Turn   | Place    | Note
-------+----------+-------------------------------------------
     0 | D:1      | Essalna the Demonspawn Fire Elementalist began the quest
                  | for the Orb.
     0 | D:1      | Reached XP level 1. HP: 13/13 MP: 3/3
   421 | D:2      | You fall into a shaft and drop 1 floor!
   451 | D:2      | Gained mutation: You have an unusually large brain. (Int
                  | +2) [demonic ancestry]
   451 | D:2      | Reached XP level 2. HP: 8/19 MP: 0/5
  1536 | D:1      | Gained mutation: You are partially covered in sharp spines.
                  | [demonic ancestry]
  1536 | D:1      | Reached XP level 3. HP: 8/24 MP: 0/6
  1749 | D:2      | Noticed a necrophage
  1809 | D:1      | Learned a level 2 spell: Scorch
  1815 | D:2      | Killed a necrophage
  1816 | D:2      | Gained mutation: A meltable shield of frost defends you.
                  | (SH +4) [demonic ancestry]
  1816 | D:2      | Reached XP level 4. HP: 22/30 MP: 1/8
  2371 | D:2      | Reached XP level 5. HP: 35/35 MP: 6/9
  2528 | D:2      | Found a faded altar of an unknown god.
  3359 | D:3      | Found a bloodstained altar of Trog.
  3972 | D:4      | Reached XP level 6. HP: 39/41 MP: 2/11
  4706 | D:4      | Found an iron altar of Okawaru.
  5001 | D:4      | Gained mutation: You have an extremely huge brain. (Int +4)
                  | [demonic ancestry]
  5001 | D:4      | Reached XP level 7. HP: 44/46 MP: 9/13
  5006 | D:4      | Reached skill level 5 in Fire Magic
  5214 | D:4      | Found a basalt altar of Yredelemnul.
  5353 | D:4      | Found a shimmering altar of Xom.
  5391 | D:4      | Found a shadowy altar of Dithmenos.
  5392 | D:4      | Found a stormy altar of Qazlal.
  5393 | D:4      | Found an opulent altar of Gozag.
  5574 | D:4      | Found an ornate altar of the Wu Jian Council.
  5662 | D:5      | Entered Level 5 of the Dungeon
  5667 | D:5      | Reached skill level 5 in Spellcasting
  5853 | D:5      | Learned a level 5 spell: Borgnjor's Vile Clutch
  5908 | D:5      | Reached skill level 1 in Fighting
  5908 | D:5      | Reached skill level 1 in Necromancy
  5909 | D:5      | Reached skill level 1 in Earth Magic
  6089 | D:5      | Gained mutation: You are mostly covered in sharp spines.
                  | [demonic ancestry]
  6089 | D:5      | Reached XP level 8. HP: 54/54 MP: 6/16
  6334 | D:5      | Noticed Ijyb
  6342 | D:5      | Killed Ijyb
  6749 | D:5      | Found Hotraef's General Store.
  7520 | D:6      | Found a staircase to the Ecumenical Temple.
  7527 | Temple   | Entered the Ecumenical Temple
  7544 | Temple   | Became a worshipper of Hepliaklqana the Forgotten
  8245 | D:6      | Found a shimmering blue altar of Sif Muna.
  8247 | D:6      | Found a sparkling altar of Nemelex Xobeh.
  8667 | D:7      | Noticed Dwachs's ghost (novice DgCj)
  8677 | D:7      | Found a runed translucent door.
  8688 | D:7      | Reached XP level 9. HP: 61/64 MP: 10/18
  8885 | D:7      | Reached * piety under Hepliaklqana
  9443 | D:7      | Noticed a cyclops
  9455 | D:7      | Killed a cyclops
  9655 | D:8      | Noticed Pikel
  9671 | D:8      | Killed Pikel
  9672 | D:8      | Reached skill level 5 in Necromancy
 10601 | D:8      | Reached skill level 5 in Fighting
 10601 | D:8      | Gained mutation: You have a pair of small antennae on your
                  | head. [demonic ancestry]
 10601 | D:8      | Reached XP level 10. HP: 66/66 MP: 9/20
 11062 | D:8      | Found a hide-covered altar of Uskayaw.
 11174 | D:9      | Noticed a boulder beetle
 11192 | D:9      | HP: 2/66 [spore (32)]
 11379 | D:9      | Found Juacoocw's Weapon Shoppe.
 11596 | D:9      | Reached skill level 1 in Armour
 11882 | D:9      | Killed a boulder beetle
 11883 | D:9      | Reached skill level 5 in Earth Magic
 12102 | D:9      | Reached ** piety under Hepliaklqana
 12103 | D:9      | Remembered your ancestor Servia as a knight
 12104 | D:9      | Noticed Maurice
 12112 | D:9      | Killed Maurice
 12245 | D:9      | Found Fucawn's Superior Scales.
 12290 | D:9      | Bought the +1 scale mail "Apaufur" {rF+ Regen+ Str+2} for
                  | 326 gold pieces
 13076 | D:10     | Entered Level 10 of the Dungeon
 13076 | D:10     | Found a staircase to the Lair.
 13386 | D:10     | Found a staircase to the Orcish Mines.
 13590 | D:10     | Gained mutation: You have a pair of antennae on your head.
                  | [demonic ancestry]
 13590 | D:10     | Reached XP level 11. HP: 72/72 MP: 17/22
 13614 | D:10     | Noticed Grum
 13622 | D:10     | Killed Grum
 14172 | Orc:1    | Entered Level 1 of the Orcish Mines
 14342 | Orc:1    | You fall into a shaft and drop 1 floor!
 14342 | Orc:2    | Entered Level 2 of the Orcish Mines
 14405 | Orc:2    | Reached *** piety under Hepliaklqana
 14733 | Orc:2    | Found a runed translucent gate.
 14841 | Orc:1    | Noticed Jorgrun
 14963 | Orc:1    | Slain by Jorgrun

Illustrated notes

Levels and vault maps discovered:
D:1:      minmay_arrival_five_plusses, layout_loops_ring, bh_walls_and_bars
D:2:      layout_rooms, shapermc_ecumenical_altar_totnotflames
D:3:      layout_basic, lemuel_tele_altar, serial_rivers,
          chequers_serial_rivers_large_a, chequers_serial_rivers_small_a,
          chequers_serial_rivers_micro_d, chequers_serial_rivers_micro_c
D:4:      kennysheep_six_static_rooms, layout_basic, nzn_wu_jian_contemplation,
          kennysheep_okawaru_gauntlet,
          chequers_temple_overflow_statue_of_worship, tgw_xom,
          grunt_decor_mini_mirrors
D:5:      nicolae_BIG_FREAKIN_CUBE, layout_rooms, serial_co_window_serial,
          co_window_of_opportunity_a, co_window_corner_a, co_window_paths_b,
          co_window_paths_a, co_window_corner_a, co_window_paths_a,
          co_window_paths_a, co_window_cross_2, co_window_unsneaky_path_b,
          glass_columns_a, glass_columns_a, glass_columns_a, glass_columns_c,
          kennysheep_small_square, uniq_ijyb
D:6:      layout_cave_pools, jmf_multi_god_temple,
          minmay_temple_entry_mini_moons, serial_undead, serial_undead_e,
          serial_undead_b, serial_undead_b, serial_undead_b,
          minmay_misc_feat_alley, minmay_mini_ossuary
D:7:      layout_cave_pools, hellmonk_ghost_happy_afterlife
D:8:      minmay_goldmine, layout_rooms, overflow_temple_1_default,
          kennysheep_little_box, uniq_pikel
D:9:      layout_basic, serial_shops, nicolae_stop_n_shop_1,
          hellmonk_scale_shop, uniq_maurice
D:10:     layout_loops_ring, elyvilon_altar_3, orc_0_dummy, uniq_grum
Temple:   corrupted_temple
Orc:1:    layout_caves, gammafunk_ghost_abyssal_escape, uniq_jorgrun
Orc:2:    pf_orc_diabolical, layout_caves, gammafunk_ghost_cemetery,
          uniq_josephine, uniq_donald

Skill      XL: |  1  2  3  4  5  6  7  8  9 10 11 |
---------------+----------------------------------+-----
Fire Magic     | 3 4 5 6 7 8 |  8.2
Conjurations   | 2 3 4 |  4.0
Spellcasting   | 3 4 5 6 7 8 |  8.1
Fighting       | 1 3 5 6 |  6.4
Necromancy     | 1 3 5 6 7 |  7.1
Earth Magic    | 1 3 4 5 |  5.7
Dodging        | 3 |  3.8
Armour         | 2 3 |  3.2
Stealth        | |  1.7

Action                   |  1- 3 |  4- 6 |  7- 9 | 10-12 || total
-------------------------+-------+-------+-------+-------++-------
Melee: Dagger            |    27 |    17 |    20 |    17 ||    81
       Punch             |       |       |     2 |       ||     2
 Cast: Foxfire           |    66 |   198 |   405 |   292 ||   961
       Scorch            |       |       |     3 |    41 ||    44
Invok: Recall Ancestor   |       |       |       |     4 ||     4
       Ancestor Life: Kn |       |       |       |     1 ||     1
Evoke: Wand              |       |       |       |     7 ||     7
  Use: Scroll            |       |       |       |     7 ||     7
Armor: Robe              |    12 |     3 |     5 |       ||    20
       Scale mail        |       |       |       |    18 ||    18
       Steam dragon scal |       |       |       |     4 ||     4
Dodge: Dodged            |    21 |     9 |    38 |    27 ||    95
Block: Other             |       |     5 |    10 |    11 ||    26

Table legend: (Time is in decaauts)
 A = Elapsed time spent in this place.
 B = Non-inter-level travel time spent in this place.
 C = Inter-level travel time spent in this place.
 D = Time resting spent in this place.
 E = Time spent auto-exploring this place.
 F = Levels seen in this place.
 G = Mean time per level.
                   A        B        C        D        E       F      G
               +--------+--------+--------+--------+--------+-----+--------+
         Total |  15007 |  14570 |    437 |    378 |  12082 |  13 | 1154.4 |
       Dungeon |  14252 |  13839 |    413 |    378 |  11582 |  10 | 1425.2 |
        Temple |     31 |     17 |     14 |      0 |      4 |   1 |   31.0 |
  Orcish Mines |    723 |    713 |     10 |      0 |    496 |   2 |  361.5 |
               +--------+--------+--------+--------+--------+-----+--------+

Top non-repeatable levels by time:
     D:5: 1845 daAuts
     D:9: 1780 daAuts
     D:4: 1733 daAuts
     D:8: 1692 daAuts
     D:1: 1592 daAuts
     D:3: 1238 daAuts
    D:10: 1173 daAuts
     D:2: 1119 daAuts
     D:6: 1089 daAuts
     D:7: 985 daAuts
   Orc:2: 425 daAuts
   Orc:1: 297 daAuts
  Temple: 31 daAuts
